AoeStats
← Warcanoe

Arabia

508710795Analyzed
2v2 RM · 8d ago on Sep 23, 2026· 20m 51s· 4 players
Game mode
Random Map
Map size
Medium (4 player)
Population
200
Speed
Normal
Resources
Standard
Victory
Conquest
Starting age
Dark Age
Ending age
Imperial Age
RankedLock teamsTeams togetherTeam positionsShared explorationLock speedFull tech treeHidden civsTurbo modeCheats
Victory
Defeat
🇸🇪 Franks · Sweden
1311
+12
🇸🇪 Saxons · Sweden
1269
+13
🇩🇪 Byzantines · Germany
1234
-13
🇨🇭 Varangians · Switzerland
1204
-12
Warcanoe
2:03 Loom
10:18 Feudal Age
dasmurka
7:10 Loom
10:34 Feudal Age
11:05 Double-Bit Axe
11:03 Horse Collar
16:15 Wheelbarrow
20:29 Castle Age
18:20 Fletching
20:04 Scale Mail Armor
21:16 Squires
KiazTV
6:43 Loom
9:13 Feudal Age
9:44 Double-Bit Axe
21:23 Castle Age
19:36 Scale Barding Armor
19:50 Gold Mining
Ibrahomovic
6:43 Loom
9:01 Feudal Age
9:45 Double-Bit Axe
11:25 Horse Collar
15:14 Fletching
17:59 Padded Archer Armor
18:02 Gold Mining
22:05 Castle Age
Connection lost

Rejoining the realm…

Still unreachable

The connection could not be restored.

Session expired

The server has moved on; the page needs a fresh start.